AoeStats
← Rudy

Arena

510375341Analyzed
4v4 RM · 2d ago on Sep 30, 2026· 50m 50s· 8 players
Game mode
Random Map
Map size
Large (8 player)
Population
200
Speed
Normal
Resources
Standard
Victory
Conquest
Starting age
Dark Age
Ending age
Imperial Age
RankedLock teamsTeams togetherTeam positionsShared explorationLock speedFull tech treeHidden civsTurbo modeCheats
Victory
Defeat
🇩🇰 Berbers · Denmark
1127
+11
🇩🇰 Saxons · Denmark
1051
+14
🇩🇰 Khmer · Denmark
1032
+15
🇩🇰 Bohemians · Denmark
970
+18
🇹🇷 Lithuanians · Türkiye
1034
-15
🇨🇭 Franks · Switzerland
1031
-15
🇩🇪 Maya · Germany
1009
-14
🇩🇪 Khmer · Germany
997
-14
Nuhro
11:19 Feudal Age
12:28 Double-Bit Axe
14:54 Castle Age
12:36 Horse Collar
16:00 Bow Saw
17:13 Heavy Plow
23:46 Wheelbarrow
25:52 Hand Cart
29:34 Imperial Age
26:51 Loom
26:59 Town Watch
30:11 Town Patrol
30:30 Scale Barding Armor
30:36 Forging
31:07 Crop Rotation
31:40 Two-Man Saw
30:22 Cavalier
31:47 Bloodlines
31:38 Husbandry
32:29 Paladin
35:47 Chain Barding Armor
36:03 Iron Casting
36:24 Gold Mining
36:26 Stone Mining
36:33 Stone Mining
39:41 Plate Barding Armor
41:55 Pikeman
42:36 Squires
42:38 Scale Mail Armor
43:26 Masonry
43:28 Fortified Wall
44:40 Chain Mail Armor
46:14 Light Cavalry
48:10 Winged Hussar
King_Slayyyer23
11:15 Feudal Age
11:46 Double-Bit Axe
16:11 Castle Age
13:59 Loom
15:29 Double-Bit Axe
15:26 Horse Collar
16:07 Scale Barding Armor
16:34 Gold Mining
18:33 Bloodlines
21:14 Forging
22:52 Iron Casting
23:19 Husbandry
24:58 Bow Saw
26:28 Chain Barding Armor
26:26 Stone Mining
30:04 Heavy Plow
33:07 Imperial Age
31:23 Fletching
32:16 Ballistics
32:10 Fortified Wall
34:43 Plate Barding Armor
35:10 Blast Furnace
35:52 Chemistry
35:01 Bodkin Arrow
35:49 Heavy Scorpion
37:48 Bracer
38:18 Conscription
37:26 Elite Battle Elephant
37:56 Light Cavalry
38:43 Double Crossbow
44:22 Hussar
Tobi
10:49 Feudal Age
15:22 Castle Age
13:57 Double-Bit Axe
13:55 Horse Collar
17:31 Wheelbarrow
20:25 Bow Saw
20:56 Heavy Plow
23:20 Eagle Warrior
25:49 Hand Cart
25:32 Gold Mining
28:03 Forging
27:56 Scale Mail Armor
28:14 Town Watch
28:18 Loom
29:47 Stone Mining
32:50 Imperial Age
31:32 Iron Casting
31:41 Stone Shaft Mining
31:24 Thumb Ring
31:32 Masonry
31:03 Treadmill Crane
33:34 Fletching
33:46 Padded Archer Armor
34:05 Chain Mail Armor
34:04 Squires
33:46 Elite Skirmisher
35:47 Town Patrol
36:27 Architecture
37:17 Two-Man Saw
36:49 Crop Rotation
36:35 Caravan
37:05 Coinage
38:11 Hoardings
38:43 Elite Eagle Warrior
40:59 Hul'che Javelineers
41:34 Holcans
42:08 Conscription
41:49 Hul'che Javelineers
42:20 Holcans
42:33 Holcans
42:03 Hul'che Javelineers
47:08 Elite Plumed Archer
48:53 Chemistry
48:14 Ballistics
48:00 Murder Holes
48:48 Plate Mail Armor
48:15 Bodkin Arrow
R1C0L4
11:20 Feudal Age
18:24 Castle Age
18:33 Double-Bit Axe
19:34 Gold Mining
26:16 Gold Shaft Mining
25:35 Stone Mining
26:02 Bow Saw
27:15 Wheelbarrow
26:27 Loom
28:47 Hand Cart
32:05 Imperial Age
31:28 Husbandry
33:00 Cavalier
33:27 Town Watch
33:54 Fortified Wall
34:45 Chemistry
34:06 Ballistics
34:00 Scale Barding Armor
34:05 Forging
33:46 Fletching
35:41 Treadmill Crane
36:12 Masonry
35:58 Murder Holes
36:28 Chain Barding Armor
36:44 Iron Casting
36:05 Bodkin Arrow
35:32 Paladin
38:59 Hoardings
39:06 Pikeman
39:47 Squires
42:15 Plate Barding Armor
43:34 Blast Furnace
42:35 Scale Mail Armor
43:17 Halberdier
45:27 Architecture
44:44 Arrowslits
45:04 Padded Archer Armor
45:58 Arson
TheLegendOfFissan
10:26 Feudal Age
14:06 Castle Age
12:04 Double-Bit Axe
15:33 Wheelbarrow
15:35 Bow Saw
22:54 Hand Cart
22:25 Loom
28:31 Imperial Age
26:24 Gold Mining
26:24 Stone Mining
26:17 Horse Collar
26:42 Pikeman
27:22 Squires
27:40 Scale Mail Armor
27:40 Clerical Recruitment
28:41 Town Watch
29:11 Forging
29:16 Chain Mail Armor
28:24 Man-at-Arms
28:56 Gambesons
29:30 Heavy Plow
29:07 Long Swordsman
29:53 Two-Handed Swordsman
31:36 Theocracy
32:16 Gold Shaft Mining
32:08 Conscription
31:19 Champion
32:56 Crop Rotation
32:28 Arson
33:37 Fortified Wall
33:45 Halberdier
35:47 Plate Mail Armor
35:52 Iron Casting
35:11 Fletching
35:56 Ballistics
36:48 Onager
37:10 Capped Ram
37:11 Onager
45:37 Siege Engineers
46:33 Chemistry
45:00 Shield Wall
48:17 Heavy Scorpion
Rudy
10:29 Feudal Age
13:39 Castle Age
12:21 Double-Bit Axe
12:45 Loom
18:41 Wheelbarrow
22:24 Hand Cart
22:41 Bow Saw
22:39 Town Watch
23:51 Town Patrol
24:45 Ballistics
24:36 Fortified Wall
30:13 Imperial Age
28:55 Murder Holes
29:10 Gold Mining
29:41 Masonry
30:54 Double Crossbow
31:31 Hoardings
32:02 Gold Shaft Mining
31:21 Stone Mining
32:04 Conscription
31:35 Heavy Scorpion
32:29 Horse Collar
34:19 Chemistry
33:31 Siege Engineers
35:37 Architecture
35:10 Husbandry
35:21 Bloodlines
36:55 Stone Shaft Mining
38:23 Pikeman
39:50 Heavy Plow
40:05 Forging
39:55 Scale Mail Armor
39:19 Halberdier
42:03 Iron Casting
41:43 Chain Mail Armor
51:26 Blast Furnace
50:18 Fletching
50:29 Padded Archer Armor
50:34 Scale Barding Armor
51:06 Crop Rotation
Space
10:47 Feudal Age
12:16 Loom
14:45 Castle Age
13:41 Double-Bit Axe
17:45 Bow Saw
17:48 Horse Collar
20:18 Fletching
21:32 Stone Mining
22:01 Gold Mining
23:23 Bloodlines
23:07 Loom
24:01 Heavy Plow
25:16 Bodkin Arrow
25:49 Padded Archer Armor
26:24 Husbandry
26:33 Scale Barding Armor
27:34 Wheelbarrow
28:00 Gold Shaft Mining
27:21 Town Watch
27:59 Kasbah
29:20 Ballistics
29:21 Hand Cart
32:16 Imperial Age
30:17 Leather Archer Armor
31:45 Stone Shaft Mining
31:50 Chain Barding Armor
32:02 Forging
32:09 Treadmill Crane
32:39 Heavy Camel Rider
33:43 Conscription
33:45 Guilds
34:38 Chemistry
33:49 Thumb Ring
33:39 Light Cavalry
35:40 Crop Rotation
35:24 Maghrebi Camels
36:03 Plate Barding Armor
35:19 Hussar
38:19 Iron Casting
39:50 Siege Engineers
39:56 Masonry
39:58 Elite Camel Archer
41:21 Murder Holes
42:14 Town Patrol
42:55 Bracer
44:50 Blast Furnace
47:42 Ring Archer Armor
Sikkerhimovic
10:59 Feudal Age
16:01 Castle Age
14:40 Double-Bit Axe
14:39 Horse Collar
18:45 Wheelbarrow
18:24 Bow Saw
18:47 Loom
20:25 Hand Cart
20:29 Heavy Plow
30:27 Imperial Age
28:05 Fletching
29:38 Chemistry
29:00 Ballistics
29:29 Forging
29:15 Bodkin Arrow
29:21 Scale Mail Armor
31:38 Iron Casting
31:04 Arson
31:20 Squires
30:41 Pikeman
32:33 Fortified Wall
32:31 Siege Engineers
32:28 Murder Holes
32:21 Arrowslits
34:49 Two-Man Saw
33:48 Town Watch
34:12 Houfnice
36:10 Conscription
36:15 Bracer
38:17 Halberdier
41:01 Chain Mail Armor
41:47 Blast Furnace
45:29 Plate Mail Armor
44:24 Elite Hussite Wagon
Connection lost

Rejoining the realm…

Still unreachable

The connection could not be restored.

Session expired

The server has moved on; the page needs a fresh start.